 Dungeon Crawl Stone Soup version 0.24-a0-333-g864f2b5 (webtiles) character file.

Game seed: 13142759746946286427

21 Borgoz the Cutter (level 3, 24/24 HPs)
             Began as a Halfling Gladiator on May 17, 2019.
             Quit the game on level 1 of the Dungeon.
             The game lasted 00:01:01 (673 turns).

Borgoz the Cutter (Halfling Gladiator)               Turns: 673, Time: 00:01:02

Health: 24/24      AC:  4    Str: 15    XL:     3   Next: 5%
Magic:  3/3        EV: 16    Int:  6    God:
Gold:   37         SH:  0    Dex: 16    Spells: 2/2 levels left

rFire    . . .     SeeInvis .   a - +0 rapier
rCold    . . .     Gourm    .   (shield restricted)
rNeg     . . .     Faith    .   b - +0 leather armour
rPois    .         Spirit   .   c - +0 helmet
rElec    .         Reflect  .   (no cloak)
rCorr    .         Harm     .   (no gloves)
MR       .....                  (no boots)
Stlth    +.........             (no amulet)
HPRegen  0.08/turn              (no ring)
MPRegen  0.08/turn              (no ring)

@: no status effects
A: small, mutation resistance 1
a: no special abilities


You were on level 1 of the Dungeon.
You were not hungry.

You visited 1 branch of the dungeon, and saw 1 of its levels.

You collected 37 gold pieces.

Inventory:

Hand Weapons
 a - a +0 rapier (weapon)
Missiles
 d - 3 throwing nets (quivered)
Armour
 b - a +0 leather armour (worn)
 c - a +0 helmet (worn)
Scrolls
 e - 4 scrolls of identify {unknown}
 h - a scroll of fear {unknown}
Potions
 i - a potion of invisibility {unknown}
Comestibles
 f - 2 rations
 g - 2 chunks of flesh


   Skills:
 * Level 2.1 Fighting
 * Level 3.9 Short Blades
 - Level 2.0 Throwing
 * Level 1.1 Armour
 * Level 3.5 Dodging
 + Level 0.5 Stealth


You had 2 spell levels left.
You didn't know any spells.
Your spell library was empty.

Dungeon Overview and Level Annotations

Branches:
Dungeon (1/15)

Altars:


Innate Abilities, Weirdness & Mutations

You are small and have problems with some larger weapons.
You are somewhat resistant to further mutation.


Message History

The dart slug launches a dart at you. The slug dart misses you.
You hit the dart slug.
The dart slug is heavily wounded.
You hit the dart slug.
The dart slug is almost dead.
The dart slug closely misses you.
You puncture the dart slug!
You kill the dart slug!
You have reached level 3!
Your experience leads to an increase in your attributes!
Increase (S)trength, (I)ntelligence, or (D)exterity?
You feel agile.
You see here a dart slug corpse.
You butcher the dart slug corpse.
g - 2 chunks of flesh Autopickup is now off.
Are you sure you want to abandon this character and quit the game? (Confirm with "yes".)
Okay, then.
Are you sure you want to abandon this character and quit the game? (Confirm with "yes".)

..... #.. .......# #..
...........##..
#.........>##..# #.
#..........##.. . #..
.......##.. . #..
......... . .
##.##....# . .#####.
#..@...#.##.#.#.....
###...................
#....!....#..#.#.# #..#
#...####..##.....# #..
#................####.#
#...#######...........#
#. #######..######..##
## .........######....
..............รท.)..


There were no monsters in sight!

Vanquished Creatures
  A dart slug (D:1)
  A ball python (D:1)
  A goblin (D:1)
  4 hobgoblins (D:1)
  2 jackals (D:1)
  A kobold (D:1)
  A bat (D:1)
  6 frilled lizards (D:1)
  2 rats (D:1)
19 creatures vanquished.

Notes
Turn   | Place    | Note
-------+----------+-------------------------------------------
     0 | D:1      | Borgoz the Halfling Gladiator began the quest for the Orb.
     0 | D:1      | Reached XP level 1. HP: 14/14 MP: 1/1
    49 | D:1      | Reached XP level 2. HP: 4/19 MP: 2/2
   425 | D:1      | Reached skill level 1 in Armour
   668 | D:1      | Reached XP level 3. HP: 24/24 MP: 3/3
   673 | D:1      | Quit the game

Levels and vault maps discovered:
D:1:      lightli_arrival_noodles, layout_rooms, minmay_misc_feat_doors,
          minmay_lizard_pond

Skill      XL: |  1  2 |
---------------+-------+-----
Fighting       | 2 |  2.1
Armour         | 1 |  1.1
Short Blades   | |  3.9
Throwing       | |  2.0
Dodging        | |  3.5
Stealth        | |  0.5

Action                   || total
-------------------------++-------
Melee: Rapier            ||    55
Armor: Leather armour    ||    18
Dodge: Dodged            ||    66

Table legend:
 A = Non-vault XP
 B = Vault XP
 C = Vault XP percentage of total XP
 D = Non-vault monster count
 E = Vault monster count
 F = Vault count percentage of total count
                 A         B        C        D         E       F
            +---------+---------+-------+---------+---------+-------
      Total |      25 |       6 |  19.4 |      13 |       6 |  31.6
            +---------+---------+-------+---------+---------+-------
        D:1 |      25 |       6 |  19.4 |      13 |       6 |  31.6
            +---------+---------+-------+---------+---------+-------
